 Dungeon Crawl Stone Soup version 0.18-a0-1120-g03bd624 (webtiles) character file.

900 namelastname112 the Sneak (level 7, -1/55 HPs)
             Began as a Yellow Draconian Assassin on Jan 17, 2016.
             Was an Initiate of Dithmenos.
             Shot with an arrow by a centaur (18 damage)
             ... on level 6 of the Dungeon.
             The game lasted 00:09:20 (4969 turns).

namelastname112 the Sneak (DrAs)                    Turns: 4969, Time: 00:09:21

Health: -1/55      AC: 10    Str: 14    XL:     7   Next: 79%
Magic:  7/7        EV: 11    Int: 11    God:    Dithmenos [......]
Gold:   211        SH:  0    Dex: 14    Spells: 0 memorised, 6 levels left

rFire  . . .     SeeInvis .     a - +2 dagger
rCold  . . .     Gourm    .     (armour unavailable)
rNeg   . . .     Faith    .     (no shield)
rPois  .         Spirit   .     (helmet restricted)
rElec  .         Dismiss  .     c - +0 cloak
rCorr  +         Reflect  .     A - +1 pair of gloves
SustAt .         Harm     .     g - +0 pair of boots
MR     .....     Rnd*Tele +     y - amulet of regeneration
Stlth  +++.......               (no ring)
                                q - ring of teleportation (curse)

@: short of breath, not resistant to hostile enchantments, fairly stealthy
A: spit acid, acid resistance, unfitting armour, cold-blooded, AC +6
a: Spit Acid, Renounce Religion


You were on level 6 of the Dungeon.
You worshipped Dithmenos.
Dithmenos was noncommittal.
You were near starving.

You visited 2 branches of the dungeon, and saw 7 of its levels.

You collected 211 gold pieces.

Inventory:

Hand Weapons
 a - a +2 dagger (weapon)
 b - a +0 blowgun
Missiles
 d - 5 poisoned needles
 e - 2 curare-tipped needles
 z - 3 needles of paralysis
Armour
 c - a +0 cloak (worn)
 g - a +0 pair of boots (worn)
 A - a +1 pair of gloves (worn)
 G - a +0 buckler
Jewellery
 q - a cursed ring of teleportation (left hand)
 u - an uncursed ring of positive energy
 y - an amulet of regeneration (around neck)
 D - an uncursed ring of protection from magic
 J - an uncursed ring of fire
Wands
 m - a wand of confusion (29/48)
 n - a wand of digging (7/24)
 t - a wand of cold (8/15)
Scrolls
 j - a scroll of immolation {unknown}
 k - 2 scrolls of random uselessness {unknown}
 o - a scroll of teleportation {unknown}
 p - a scroll of blinking {unknown}
 r - 4 scrolls of identify {unknown}
 v - a scroll of fog {unknown}
 x - 2 scrolls of remove curse {unknown}
 B - 2 scrolls of amnesia {unknown}
 H - a scroll of enchant weapon {unknown}
 L - a scroll of fear {unknown}
Potions
 l - a potion of might {unknown}
 s - a potion of agility {unknown}
 w - a potion of poison {unknown}
 C - 2 potions of ambrosia {unknown}
 F - a potion of lignification {unknown}
 I - a potion of flight {unknown}
Comestibles
 f - 4 bread rations
 h - a slice of pizza
 i - 3 beef jerkies
 E - a meat ration
 K - a fruit


   Skills:
 - Level 2.1 Fighting
 + Level 6.5 Short Blades
 - Level 1.7 Throwing
 - Level 0.8 Dodging
 + Level 7.3 Stealth


You had 6 spell levels left.
You didn't know any spells.

Dungeon Overview and Level Annotations

Branches:
Dungeon (6/15)             Temple (1/1) D:4

Altars:
Ashenzari
Dithmenos
Elyvilon
Fedhas
Kikubaaqudgha
Makhleb
Pakellas
Qazlal
Ru
Trog
Xom
Yredelemnul
Zin
The Shining One


Innate Abilities, Weirdness & Mutations

You can spit globs of acid.
You are resistant to acid.
Your golden yellow scales are hard (AC +6).
Your body does not fit into most forms of armour.
You are cold-blooded and may be slowed by cold attacks.


Message History

You barely miss the gnoll shaman.
You tail-slap the gnoll shaman, but do no damage.
The gnoll shaman is heavily wounded.
The gnoll closely misses you. The gnoll shaman hits you with a club!
The centaur hits you.
You hit the gnoll shaman but do no damage.
The gnoll shaman is heavily wounded.
The gnoll barely misses you. The centaur hits you!
* * * LOW HITPOINT WARNING * * *
You see here an arrow.
Press: ? - help, Shift-Dir - straight line, f/p - gnoll shaman
Aim: a gnoll shaman, wielding a club and wearing a leather armour (heavily wounded)
You spit a glob of acid.
The acid hits the gnoll shaman.
You kill the gnoll shaman!
Dithmenos accepts your kill.
You are near starving!
The gnoll closely misses you.
The centaur wields an uncursed shortbow of flaming.
It bursts into flame!
The centaur shoots an arrow.
The arrow hits you!!
You die...

........<##.##
........###..#
........# #..##
........# ##..#
......######..##
##
............(.s#
#...
#########.....g###
##.....
######c).##.......
###@.........
###.......>
##....... ##.....
..... .... ... ..#


You could see a centaur, a gnoll and a giant cockroach.

Vanquished Creatures
  4 ogres
  A scorpion (D:6)
  A crimson imp (D:5)
  3 hounds
  A gnoll shaman (D:6)
  2 jellies (D:5)
  A centaur skeleton (D:5)
  Jessica (D:2)
  Robin (D:2)
  8 gnolls
  4 adders
  An ooze (D:3)
  An adder skeleton (D:5)
  An adder zombie (D:3)
  3 worms
  5 giant geckos
  A ball python (D:1)
  9 bats
  2 giant cockroaches
  8 hobgoblins
  11 jackals
  A quokka (D:4)
  18 goblins
  A jackal zombie (D:5)
  7 kobolds
  9 rats
105 creatures vanquished.

Notes
Turn   | Place    | Note
--------------------------------------------------------------
     0 | D:1      | namelastname112 the Draconian Assassin began the quest for the Orb.
     0 | D:1      | Reached XP level 1. HP: 17/17 MP: 1/1
    92 | D:1      | Found a shattered altar of Ashenzari.
   395 | D:1      | Reached XP level 2. HP: 11/24 MP: 2/2
   400 | D:1      | Reached skill level 4 in Stealth
   718 | D:1      | Reached XP level 3. HP: 29/29 MP: 3/3
  1176 | D:2      | Noticed Jessica
  1208 | D:2      | Killed Jessica
  1656 | D:2      | Reached XP level 4. HP: 36/36 MP: 4/4
  1682 | D:2      | Noticed Robin
  1774 | D:2      | Killed Robin
  1834 | D:2      | Found a sacrificial altar of Ru.
  2433 | D:2      | Reached skill level 5 in Stealth
  2474 | D:2      | Reached XP level 5. HP: 41/41 MP: 5/5
  2891 | D:3      | Found a stormy altar of Qazlal.
  2964 | D:3      | Noticed an ogre
  3006 | D:3      | Killed an ogre
  3268 | D:3      | Reached XP level 6. HP: 48/48 MP: 6/6
  3479 | D:4      | Found a staircase to the Ecumenical Temple.
  3507 | Temple   | Entered the Ecumenical Temple
  3810 | D:4      | Reached skill level 6 in Stealth
  3843 | D:4      | Reached skill level 5 in Short Blades
  4145 | D:4      | Found a shadowy altar of Dithmenos.
  4179 | D:5      | Entered Level 5 of the Dungeon
  4216 | D:5      | Found a glowing golden altar of the Shining One.
  4272 | D:5      | Reached XP level 7. HP: 32/55 MP: 7/7
  4272 | D:5      | Your scales start taking on a golden yellow colour.
  4378 | D:4      | Became a worshipper of Dithmenos the Shadowed
  4699 | D:5      | Reached skill level 7 in Stealth
  4969 | D:6      | Shot with an arrow by a centaur

Vault maps used:
D:1:      dpeg_arrival_more_subterranean_lakeside_camping,
          minmay_misc_feat_enclosed, minmay_tree_intersection, st_stairs_9,
          serial_bayou_pond_e, ashenzari_altar_1
D:2:      lemuel_tele_altar, uniq_jessica, uniq_robin
D:3:      grunt_qazlal_sundering
D:4:      kennysheep_little_box, minmay_temple_entry_junction, minivault_27,
          minmay_crystal_room, serial_bayou_pond_a
D:5:      tso_metal_star, first_bread, grunt_ministairs_9
D:6:      gammafunk_temple_overflow_statue, roderic_batcave
Temple:   circular_temple_12

Action                   |  1- 3 |  4- 6 |  7- 9 || total
-------------------------+-------+-------+-------++-------
Melee: Dagger            |    92 |   250 |    42 ||   384
 Fire: Blowgun           |     7 |    16 |     8 ||    31
 Abil: Spit Acid         |       |       |     4 ||     4
 Stab: Sleeping          |     2 |     9 |     4 ||    15
       Distracted        |       |       |     1 ||     1
  Eat: Chunk             |     2 |     8 |     2 ||    12
